 Dungeon Crawl Stone Soup version 0.30-a0-629-gd54f4be4f7 (webtiles) character file.

Game seed: 1136664694480780989

475 themarg the Insei (level 7, -3/52 HPs)
             Began as a Gnoll Transmuter on Jan 12, 2023.
             Killed by divine providence
             ... invoked by an orc priest
              (10 damage)
             ... on level 4 of the Dungeon.
             The game lasted 00:08:43 (2683 turns).

themarg the Insei (Gnoll Transmuter)                Turns: 2683, Time: 00:08:44

Health: -3/52      AC:  2    Str:  9    XL:     7   Next: 10%
Magic:  5/15       EV: 22    Int: 15    God:
Gold:   46         SH:  0    Dex: 17    Spells: 11/17 levels left

rFire   + . .      SeeInvis .      - Unarmed
rCold   . . .      Faith    .    (shield currently unavailable)
rNeg    . . .      Spirit   .    (body armour currently unavailable)
rPois   x          Reflect  .    (helmet currently unavailable)
rElec   .          Harm     .    (cloak currently unavailable)
rCorr   +          Rampage  .    (gloves currently unavailable)
Will    .....                    (boots currently unavailable)
Stlth   ++                       (no amulet)
HPRegen 0.28/turn                e - ring of protection from fire
MPRegen 0.14/turn                h - ring of resist corrosion

@: about to teleport, spider-form
A: venomous fangs, tiny, (fangs 1), strong nose, distributed training
a: End Transformation


You were on level 4 of the Dungeon.
You were a venomous arachnid creature.
You visited 1 branch of the dungeon, and saw 4 of its levels.

You collected 98 gold pieces.
You spent 52 gold pieces at shops.

Inventory:

Missiles
 g - 41 stones
 l - 4 poisoned darts
Armour
 i - a +0 pair of boots (melded)
 j - the +1 leather armour of Dogma {rCorr Str+3 Int+2}
   (You found it on level 2 of the Dungeon)

   Str:       It affects your strength (+3).
   Int:       It affects your intelligence (+2).
   rCorr:     It protects you from acid and corrosion.
 r - a +2 buckler
 u - a +2 robe of the Archmagi (melded)
Jewellery
 e - a ring of protection from fire (left front pincers)
 h - a ring of resist corrosion (right front pincers)
 q - a ring of ice
Scrolls
 m - a scroll of poison
 n - a scroll of blinking {unknown}
 o - a scroll of fear {unknown}
 p - a scroll of brand weapon {unknown}
 s - a scroll of amnesia {unknown}
Potions
 b - a potion of lignification
 c - a potion of resistance
 d - a potion of might
 f - 2 potions of degeneration
 t - a potion of curing


   Skills:
 + Level 3.5 Fighting
 + Level 2.3 Short Blades
 + Level 2.3 Long Blades
 + Level 2.3 Axes
 + Level 2.3 Maces & Flails
 + Level 2.3 Polearms
 + Level 2.3 Staves
 + Level 2.3 Ranged Weapons
 + Level 2.3 Throwing
 + Level 2.3 Armour
 + Level 5.2 Dodging
 + Level 2.3 Stealth
 + Level 2.3 Shields
 + Level 7.0 Unarmed Combat
 + Level 5.5 Spellcasting
 + Level 1.9 Conjurations
 + Level 1.9 Hexes
 + Level 1.9 Summonings
 + Level 1.9 Necromancy
 + Level 1.9 Translocations
 + Level 4.2 Transmutations
 + Level 1.9 Fire Magic
 + Level 1.9 Ice Magic
 + Level 1.9 Air Magic
 + Level 1.9 Earth Magic
 + Level 1.9 Poison Magic
 + Level 2.6 Invocations
 + Level 2.3 Evocations


You had 11 spell levels left.
You knew the following spells:

 Your Spells              Type           Power      Damage    Failure   Level
a - Beastly Appendage     Tmut           34%        N/A       10%         1
b - Wereblood             Tmut           17%        N/A       13%         2
c - Spider Form           Tmut/Pois      13%        N/A       30%         3

Your spell library contained the following spells:

 Spells                   Type           Power      Damage    Failure   Level
 Sting                    Tmut/Pois      52%        1d5       13%         1
 Poisonous Vapours        Pois/Air       18%        N/A       26%         2
 Ice Form                 Ice/Tmut       13%        N/A       61%         4
 Olgreb's Toxic Radiance  Pois           9%         N/A       77%         4


Dungeon Overview and Level Annotations

Branches:
Dungeon (4/15)
 Temple: D:4-7

Altars:
Dithmenos
Yredelemnul

Shops:
D:1 !

Annotations:
D:4 Eustachio


Innate Abilities, Weirdness & Mutations

You are a venomous arachnid creature.
You have venomous fangs.
You are tiny and dextrous.
Your spellcasting is less reliable in this form.
Your armour is entirely melded.
You are incapable of wielding weapons or throwing items.
((You have very sharp teeth.))
Your uncanny sense of smell can sniff out nearby items.
Your experience applies equally to all skills.


Message History

Eustachio is lightly wounded.
Your transformation has ended.
Your +0 pair of boots unmelds from your body.
Your +2 robe of the Archmagi unmelds from your body.
You feel powerful.
Your primal bloodlust has ended.
Eustachio hits you with a +0 rapier.
You hit Eustachio.
Eustachio is moderately wounded.
Eustachio casts a spell.
You feel a surge of power!
You turn into a venomous arachnid creature.
Your +0 pair of boots melds into your body.
Your +2 robe of the Archmagi melds into your body.
You feel strangely numb.
Eustachio growls, "To hell with you, honourless miscreant!"
Eustachio zaps a wand.
The bolt of dispelling energy hits you!!
Your magical effects are unravelling.
* * * LOW HITPOINT WARNING * * *
You closely miss Eustachio.
Eustachio is moderately wounded.
Your transformation has ended.
Your +0 pair of boots unmelds from your body.
Your +2 robe of the Archmagi unmelds from your body.
You feel powerful.
You feel better. Eustachio barely misses you.
You feel a surge of power!
You turn into a venomous arachnid creature.
Your +0 pair of boots melds into your body.
Your +2 robe of the Archmagi melds into your body.
You feel strangely numb. Eustachio misses you.
As you read the scroll of teleportation, it crumbles to dust.
You feel strangely unstable.
Eustachio screams, "This atrocity can only be purified with blood!"
Eustachio gestures wildly while chanting.
Eustachio blinks!
The orc priest calls down the wrath of Beogh upon you.
Beogh smites you!
You die...

###.8.8#............#..........
#..>...#..##.#......###........
##..8..#..####......####.......
##......##.#..##....... .......
...#....#......##...... ..
...##.......#..#.......
.......[#..###...# .#.)....####
###.# .##..#...# #.s#
...#.#...# ##§# .#####...#


roo ..## ##### #.r.# ...# ..... .### ∆.@....# ## ......# =....... You could see
Eustachio (very poisoned), an orc priest, an orc and 2 rats.

Vanquished Creatures
  Sigmund (D:3)
  A vampire bat (D:3)
  5 gnolls
  5 adders
  A worm (D:2)
  4 dart slugs
  3 fire bats (D:3)
  3 orcs (D:4)
  2 spectral bats (D:3)
  3 bat skeletons (D:3)
  A bat zombie (D:3)
  8 endoplasms
  12 goblins
  9 hobgoblins
  2 jackals (D:3)
  4 quokkas
  4 ball pythons
  14 bats
  A bat simulacrum (D:3)
  A frilled lizard (D:1)
  10 kobolds
  8 rats
102 creatures vanquished.

Notes
Turn   | Place    | Note
-------+----------+-------------------------------------------
     0 | D:1      | themarg the Gnoll Transmuter began the quest for the Orb.
     0 | D:1      | Reached XP level 1. HP: 17/17 MP: 6/6
    58 | D:1      | Reached XP level 2. HP: 18/23 MP: 5/7
    61 | D:1      | Learned a level 2 spell: Wereblood
   203 | D:1      | Reached skill level 5 in Spellcasting
   203 | D:1      | Reached XP level 3. HP: 22/28 MP: 5/9
   209 | D:1      | Learned a level 3 spell: Spider Form
   296 | D:1      | Found Eklaam's Distillery.
   327 | D:1      | Reached skill level 1 in Invocations
   626 | D:2      | Reached skill level 1 in Short Blades
   626 | D:2      | Reached skill level 1 in Long Blades
   626 | D:2      | Reached skill level 1 in Axes
   626 | D:2      | Reached skill level 1 in Maces & Flails
   626 | D:2      | Reached skill level 1 in Polearms
   626 | D:2      | Reached skill level 1 in Staves
   626 | D:2      | Reached skill level 1 in Ranged Weapons
   626 | D:2      | Reached skill level 1 in Throwing
   626 | D:2      | Reached skill level 1 in Armour
   626 | D:2      | Reached skill level 1 in Stealth
   626 | D:2      | Reached skill level 1 in Shields
   626 | D:2      | Reached skill level 1 in Evocations
   643 | D:2      | Identified the +1 leather armour of Dogma {rCorr Str+3
                  | Int+2}
   744 | D:2      | Reached XP level 4. HP: 27/34 MP: 4/11
  1193 | D:2      | Reached skill level 1 in Conjurations
  1193 | D:2      | Reached skill level 1 in Hexes
  1193 | D:2      | Reached skill level 1 in Summonings
  1193 | D:2      | Reached skill level 1 in Necromancy
  1193 | D:2      | Reached skill level 1 in Translocations
  1193 | D:2      | Reached skill level 1 in Fire Magic
  1193 | D:2      | Reached skill level 1 in Ice Magic
  1193 | D:2      | Reached skill level 1 in Air Magic
  1193 | D:2      | Reached skill level 1 in Earth Magic
  1193 | D:2      | Reached skill level 1 in Poison Magic
  1575 | D:3      | Reached XP level 5. HP: 40/40 MP: 6/12
  1672 | D:3      | Noticed Sigmund
  1682 | D:3      | Killed Sigmund
  1683 | D:3      | Reached skill level 5 in Dodging
  1683 | D:3      | Reached XP level 6. HP: 44/47 MP: 7/14
  1887 | D:3      | Found a shadowy altar of Dithmenos.
  2131 | D:3      | Reached skill level 7 in Unarmed Combat
  2131 | D:3      | Reached XP level 7. HP: 51/52 MP: 12/15
  2202 | D:3      | Found a basalt altar of Yredelemnul.
  2525 | D:1      | Bought a potion of might for 52 gold pieces
  2672 | D:4      | Noticed Eustachio
  2679 | D:4      | HP: 1/52 [Eustachio/bolt of dispelling energy (19)]
  2683 | D:4      | Killed from afar by an orc priest

Illustrated notes

Levels and vault maps discovered:
D:1:      giann_forest_graveyard, layout_rooms, serial_shops, shop, st_stairs_3
D:2:      layout_rooms
D:3:      layout_loops_cross, marbit_many_paths, lemuel_tele_altar,
          minmay_misc_feat_secret_circle, hangedman_feature_mirror,
          goddamned_bats, uniq_sigmund
D:4:      layout_cave_pools, serial_column_ruins, column_ruins_square_medium,
          column_ruins_square_small, column_ruins_open_small,
          column_ruins_corridor_straight, column_ruins_columns_straight,
          column_ruins_columns_straight, column_ruins_grid_1,
          kennysheep_generic_room_7, uniq_eustachio

Skill      XL: |  1  2  3  4  5  6 |
---------------+-------------------+-----
Spellcasting   | 5 |  5.5
Invocations    | 1 2 |  2.6
Short Blades   | 1 2 |  2.3
Long Blades    | 1 2 |  2.3
Axes           | 1 2 |  2.3
Maces & Flails | 1 2 |  2.3
Polearms       | 1 2 |  2.3
Staves         | 1 2 |  2.3
Ranged Weapons | 1 2 |  2.3
Throwing       | 1 2 |  2.3
Armour         | 1 2 |  2.3
Stealth        | 1 2 |  2.3
Shields        | 1 2 |  2.3
Evocations     | 1 2 |  2.3
Conjurations   | 1 |  1.9
Hexes          | 1 |  1.9
Summonings     | 1 |  1.9
Necromancy     | 1 |  1.9
Translocations | 1 |  1.9
Fire Magic     | 1 |  1.9
Ice Magic      | 1 |  1.9
Air Magic      | 1 |  1.9
Earth Magic    | 1 |  1.9
Poison Magic   | 1 |  1.9
Fighting       | 3 |  3.5
Transmutations | 4 |  4.2
Dodging        | 5 |  5.2
Unarmed Combat | 7 |  7.0

Action                   |  1- 3 |  4- 6 |  7- 9 || total
-------------------------+-------+-------+-------++-------
Melee: Unarmed           |    71 |    94 |    26 ||   191
       Headbutt          |     6 |       |       ||     6
       Bite              |     4 |       |       ||     4
       Kick              |     5 |       |       ||     5
       Punch             |     2 |       |       ||     2
 Cast: Beastly Appendage |    16 |       |       ||    16
       Spider Form       |     3 |    23 |     9 ||    35
       Wereblood         |     1 |       |     2 ||     3
  Use: Scroll            |       |       |     6 ||     6
       Potion            |       |       |     1 ||     1
 Stab: Sleeping          |     1 |     6 |       ||     7
       Distracted        |       |     1 |       ||     1
Armor: Robe              |     7 |       |       ||     7
       Skin              |       |    12 |     3 ||    15
Dodge: Dodged            |    40 |   117 |    24 ||   181

Table legend: (Time is in decaauts)
 A = Elapsed time spent in this place.
 B = Non-inter-level travel time spent in this place.
 C = Inter-level travel time spent in this place.
 D = Time resting spent in this place.
 E = Time spent auto-exploring this place.
 F = Levels seen in this place.
 G = Mean time per level.
                   A        B        C        D        E       F      G
               +--------+--------+--------+--------+--------+-----+--------+
         Total |   2659 |   2466 |    193 |      0 |   1812 |   4 |  664.8 |
       Dungeon |   2659 |   2466 |    193 |      0 |   1812 |   4 |  664.8 |
               +--------+--------+--------+--------+--------+-----+--------+

Top non-repeatable levels by time:
     D:3: 1183 daAuts
     D:2: 721 daAuts
     D:1: 650 daAuts
     D:4: 103 daAuts
